3L
PHILADELPHIA 1776 BC @ LAS VEGAS FLAMINGOS
07/29/2024
 
TOP OF THE 1ST
Philadelphia 1776 BC batting - Pitching for Las Vegas Flamingos : RHP Melvin Haney
Pitching: RHP Melvin Haney
Batting: RHB Jesús Orozco 0-0: Ball
1-0: Ball
2-0: Reached on error, E4 (Groundball, 4)
Batting: LHB Héctor Torres 0-0: Swinging Strike
0-1: Called Strike
0-2: Strikes out looking
Jesús Orozco is caught stealing 2nd base
Batter strikes out.
Batting: LHB Cliff Aldridge 0-0: Ball
1-0: Ball
2-0: Fly out, F8 (Flyball, 8RD)
Top of the 1st over - 0 run(s), 0 hit(s), 1 error(s), 0 left on base; Philadelphia 1776 0 - Las Vegas 0
BOTTOM OF THE 1ST
Las Vegas Flamingos batting - Pitching for Philadelphia 1776 BC : RHP Billy Crawford
Pitching: RHP Billy Crawford
Batting: RHB Sake van Arem 0-0: SINGLE (Groundball, 4M)
Batting: LHB Job Pels 0-0: Foul Ball, location: 2F
0-1: Called Strike
0-2: Ball
1-2: Grounds out, U3 (Groundball, 3L)
Batting: LHB Victor Adams 0-0: Ball
1-0: Foul Ball, location: 2F
1-1: Foul Ball, location: 2F
1-2: DOUBLE (Line Drive, 9D)
Sake van Arem scores
Batting: LHB Chris McKinney 0-0: Foul Ball, location: 2F
0-1: Ground out 4-3 (Groundball, 4M)
Victor Adams to third
Batting: LHB Takahiro Harada 0-0: Ground out U3 (Groundball, 3)
Bottom of the 1st over - 1 run(s), 2 hit(s), 0 error(s), 1 left on base; Philadelphia 1776 0 - Las Vegas 1
TOP OF THE 2ND
Philadelphia 1776 BC batting - Pitching for Las Vegas Flamingos : RHP Melvin Haney
Batting: RHB Patrizio Vanali 0-0: Foul Ball, location: 2F
0-1: Ball
1-1: SINGLE (Groundball, 15) (infield hit)
Batting: RHB Jesús Rodríguez 0-0: Ball
1-0: Ball
2-0: Foul Ball, location: 2F
2-1: Foul Ball, location: 2F
2-2: Strikes out swinging
Batting: RHB António Granados 0-0: Ball
1-0: Called Strike
1-1: Ball
2-1: Ball
3-1: Foul Ball, location: 2F
3-2: Grounds into double play, 5-4-3 (Groundball, 5)
Top of the 2nd over - 0 run(s), 1 hit(s), 0 error(s), 0 left on base; Philadelphia 1776 0 - Las Vegas 1
BOTTOM OF THE 2ND
Las Vegas Flamingos batting - Pitching for Philadelphia 1776 BC : RHP Billy Crawford
Batting: RHB Ángel López 0-0: Foul Ball, location: 2F
0-1: Ball
1-1: Ball
2-1: Ball
3-1: Base on Balls
Batting: RHB Jeff Young 0-0: Swinging Strike
0-1: Called Strike
0-2: Foul Ball, location: 2F
0-2: Ball
1-2: DOUBLE (Line Drive, 7LD)
Ángel López to third
Runner from 3rd tries for Home, SAFE, no throw or cutoff
Batting: RHB Terry Sylvester 0-0: Ball
1-0: Ball
2-0: Fly out, F9 (Flyball, 9LMF)
Batting: LHB Sixto Álvarez 0-0: Swinging Strike
0-1: Ball
1-1: Foul Ball, location: 2F
1-2: Ground out 4-3 (Groundball, 4)
Jeff Young to third
Batting: RHB Sake van Arem 0-0: Ground out 4-3 (Groundball, 4)
Bottom of the 2nd over - 1 run(s), 1 hit(s), 0 error(s), 1 left on base; Philadelphia 1776 0 - Las Vegas 2
TOP OF THE 3RD
Philadelphia 1776 BC batting - Pitching for Las Vegas Flamingos : RHP Melvin Haney
Batting: RHB Russell Jackson 0-0: SINGLE (Line Drive, 89S)
Batting: SHB Jesús Cabańe 0-0: Called Strike
0-1: Ball
1-1: Ball
2-1: Grounds into double play, U4-3 (Groundball, 4)
Batting: LHB Phil Ritchie 0-0: Ball
1-0: Ground out 1-3 (Groundball, 2R)
Top of the 3rd over - 0 run(s), 1 hit(s), 0 error(s), 0 left on base; Philadelphia 1776 0 - Las Vegas 2
BOTTOM OF THE 3RD
Las Vegas Flamingos batting - Pitching for Philadelphia 1776 BC : RHP Billy Crawford
Batting: LHB Job Pels 0-0: Called Strike
0-1: Foul Ball, location: 2F
0-2: Foul Ball, location: 2F
0-2: Ball
1-2: Foul Ball, location: 2F
1-2: Ground out 4-3 (Groundball, 4)
Batting: LHB Victor Adams 0-0: Ground out U3 (Groundball, 3)
Batting: LHB Chris McKinney 0-0: Swinging Strike
0-1: Ball
1-1: Called Strike
1-2: Ball
2-2: Strikes out swinging
Bottom of the 3rd over - 0 run(s), 0 hit(s), 0 error(s), 0 left on base; Philadelphia 1776 0 - Las Vegas 2
TOP OF THE 4TH
Philadelphia 1776 BC batting - Pitching for Las Vegas Flamingos : RHP Melvin Haney
Batting: RHB Jesús Orozco 0-0: Ball
1-0: Ball
2-0: Swinging Strike
2-1: Ground out 6-3 (Groundball, 6)
Batting: LHB Héctor Torres 0-0: Called Strike
0-1: Called Strike
0-2: Strikes out swinging
Batting: LHB Cliff Aldridge 0-0: Ball
1-0: Called Strike
1-1: Fly out, F7 (Line Drive, 7M)
Top of the 4th over - 0 run(s), 0 hit(s), 0 error(s), 0 left on base; Philadelphia 1776 0 - Las Vegas 2
BOTTOM OF THE 4TH
Las Vegas Flamingos batting - Pitching for Philadelphia 1776 BC : RHP Billy Crawford
Batting: LHB Takahiro Harada 0-0: Ground out 6-3 (Groundball, 6)
Batting: RHB Ángel López 0-0: Foul Ball, location: 2F
0-1: Ball
1-1: Foul Ball, location: 2F
1-2: Strikes out swinging
Batting: RHB Jeff Young 0-0: Called Strike
0-1: Ball
1-1: Swinging Strike
1-2: Ground out 6-3 (Groundball, 6M)
Bottom of the 4th over - 0 run(s), 0 hit(s), 0 error(s), 0 left on base; Philadelphia 1776 0 - Las Vegas 2
TOP OF THE 5TH
Philadelphia 1776 BC batting - Pitching for Las Vegas Flamingos : RHP Melvin Haney
Batting: RHB Patrizio Vanali 0-0: Called Strike
0-1: Ball
1-1: Ball
2-1: Ball
3-1: Base on Balls
Batting: RHB Jesús Rodríguez 0-0: Ball
1-0: Ball
2-0: Ball
Wild Pitch!
Patrizio Vanali to second
3-0: Base on Balls
Batting: RHB António Granados 0-0: Called Strike
0-1: Called Strike
0-2: Strikes out swinging
Batting: RHB Russell Jackson 0-0: Ball
1-0: Ball
2-0: Ball
3-0: Called Strike
3-1: Fly out, F5 (Popup, 56S)
Batting: SHB Jesús Cabańe 0-0: Ball
1-0: Called Strike
1-1: Ball
2-1: Ball
3-1: Foul Ball, location: 2F
3-2: Ground out 4-3 (Groundball, 4)
Top of the 5th over - 0 run(s), 0 hit(s), 0 error(s), 2 left on base; Philadelphia 1776 0 - Las Vegas 2
BOTTOM OF THE 5TH
Las Vegas Flamingos batting - Pitching for Philadelphia 1776 BC : RHP Billy Crawford
Batting: RHB Terry Sylvester 0-0: Ball
1-0: Ball
2-0: Swinging Strike
2-1: Ball
3-1: Base on Balls
Batting: LHB Sixto Álvarez 0-0: Called Strike
0-1: Ball
1-1: Called Strike
1-2: Ball
2-2: Fly out, F9 (Flyball, 89D)
Batting: RHB Sake van Arem 0-0: Ball
1-0: Grounds into double play, 6-4-3 (Groundball, 6)
Bottom of the 5th over - 0 run(s), 0 hit(s), 0 error(s), 0 left on base; Philadelphia 1776 0 - Las Vegas 2
TOP OF THE 6TH
Philadelphia 1776 BC batting - Pitching for Las Vegas Flamingos : RHP Melvin Haney
Batting: LHB Phil Ritchie 0-0: Called Strike
0-1: Foul Ball, location: 2F
0-2: Ball
1-2: Strikes out swinging
Batting: RHB Jesús Orozco 0-0: Called Strike
0-1: Ball
1-1: Ball
2-1: Swinging Strike
2-2: Foul Ball, location: 2F
2-2: Foul Ball, location: 2F
2-2: Ball
3-2: SINGLE (Groundball, 4M)
Batting: LHB Héctor Torres 0-0: Called Strike
0-1: Ball
1-1: Ball
2-1: Foul Ball, location: 2F
2-2: Strikes out swinging
Jesús Orozco steals 2nd base
Batter strikes out.
Batting: LHB Cliff Aldridge 0-0: Fly out, F7 (Flyball, 78XD)
Top of the 6th over - 0 run(s), 1 hit(s), 0 error(s), 1 left on base; Philadelphia 1776 0 - Las Vegas 2
BOTTOM OF THE 6TH
Las Vegas Flamingos batting - Pitching for Philadelphia 1776 BC : RHP Billy Crawford
Batting: LHB Job Pels 0-0: Ground out 3-1 (Groundball, 34)
Batting: LHB Victor Adams 0-0: Called Strike
0-1: Swinging Strike
0-2: Ball
1-2: Ground out 2-3 (Groundball, 2L)
Batting: LHB Chris McKinney 0-0: Swinging Strike
0-1: Ball
1-1: Ground out 1-3 (Groundball, 2L)
Bottom of the 6th over - 0 run(s), 0 hit(s), 0 error(s), 0 left on base; Philadelphia 1776 0 - Las Vegas 2
TOP OF THE 7TH
Philadelphia 1776 BC batting - Pitching for Las Vegas Flamingos : RHP Melvin Haney
Batting: RHB Patrizio Vanali 0-0: Ball
1-0: Called Strike
1-1: Ball
2-1: Foul Ball, location: 2F
2-2: Strikes out swinging
Batting: RHB Jesús Rodríguez 0-0: Ball
1-0: Ball
2-0: Ball
3-0: Base on Balls
Batting: RHB António Granados 0-0: Ball
1-0: Ball
2-0: Foul Ball, location: 2F
2-1: Swinging Strike
2-2: Ball
3-2: Fly out, F3 (Popup, 3SF)
Batting: RHB Russell Jackson 0-0: Called Strike
0-1: Ball
1-1: Ball
Throwing error on steal attempt, E2
Jesús Rodríguez to third
2-1: Called Strike
2-2: Reached on error, E1 (Groundball, 15)
Jesús Rodríguez scores
Pitching: RHP Joey McCarthy
Batting: SHB Jesús Cabańe 0-0: Ball
1-0: Called Strike
1-1: Swinging Strike
1-2: Ball
2-2: DOUBLE (Flyball, 78XD)
Russell Jackson to third
Pinch Hitting: RHB Dave Morris 0-0: Ball
1-0: Called Strike
1-1: Called Strike
1-2: Fly out, F6 (Popup, 6M)
Top of the 7th over - 1 run(s), 1 hit(s), 2 error(s), 2 left on base; Philadelphia 1776 1 - Las Vegas 2
BOTTOM OF THE 7TH
Las Vegas Flamingos batting - Pitching for Philadelphia 1776 BC : RHP Billy Crawford
Now in CF: Dave Morris
Batting: LHB Takahiro Harada 0-0: Ball
1-0: Called Strike
1-1: Ball
2-1: Ground out 4-3 (Groundball, 4M)
Batting: RHB Ángel López 0-0: Foul Ball, location: 2F
0-1: Ball
1-1: Reached on error, E5 (Groundball, 5S)
Batting: RHB Jeff Young 0-0: Intentional Walk
Pinch Hitting: SHB Kunimichi Chikafuji 0-0: Ball
1-0: Called Strike
1-1: Ball
2-1: Foul Ball, location: 2F
2-2: Grounds into double play, 4-6-3 (Groundball, 4)
Bottom of the 7th over - 0 run(s), 0 hit(s), 1 error(s), 1 left on base; Philadelphia 1776 1 - Las Vegas 2
TOP OF THE 8TH
Philadelphia 1776 BC batting - Pitching for Las Vegas Flamingos : RHP Joey McCarthy
Now in CF: José Meléndez
Batting: RHB Jesús Orozco 0-0: Ball
1-0: Ball
2-0: Called Strike
2-1: Ball
3-1: SINGLE (Groundball, 34D)
Pitching: LHP Shunen Takahashi
Pinch Hitting: RHB Yuji Ine 0-0: Sac Bunt - play at first, batter OUT! 3-4
Jesús Orozco to second
Batting: LHB Cliff Aldridge 0-0: Ground out 5-3 (Groundball, 56S)
Jesús Orozco to third
Pitching: RHP Ron Yarbrough
Batting: RHB Patrizio Vanali 0-0: Foul Ball, location: 2F
0-1: Foul Ball, location: 2F
0-2: Ball
1-2: SINGLE (Groundball, 6MD)
Jesús Orozco scores
Batting: RHB Jesús Rodríguez 0-0: Ball
1-0: SINGLE (Groundball, 6MD)
Patrizio Vanali to second
Runner from 2nd tries for 3rd, SAFE, throw made to third
Batting: RHB António Granados 0-0: Fly out, F5 (Popup, 15)
Top of the 8th over - 1 run(s), 3 hit(s), 0 error(s), 2 left on base; Philadelphia 1776 2 - Las Vegas 2
BOTTOM OF THE 8TH
Las Vegas Flamingos batting - Pitching for Philadelphia 1776 BC : RHP Billy Crawford
Now in LF: Yuji Ine
Batting: LHB Sixto Álvarez 0-0: Foul Ball, location: 2F
0-1: Foul Ball, location: 2F
0-2: Ball
1-2: Ground out 4-3 (Groundball, 4)
Batting: RHB Sake van Arem 0-0: Foul Ball, location: 2F
0-1: Swinging Strike
0-2: Foul Ball, location: 2F
0-2: Ball
1-2: Strikes out swinging
Batting: LHB Job Pels 0-0: Ball
1-0: Called Strike
1-1: Ball
2-1: Ground out 4-3 (Groundball, 4S)
Bottom of the 8th over - 0 run(s), 0 hit(s), 0 error(s), 0 left on base; Philadelphia 1776 2 - Las Vegas 2
TOP OF THE 9TH
Philadelphia 1776 BC batting - Pitching for Las Vegas Flamingos : RHP Ron Yarbrough
Pitching: RHP Alfredo Martínez
Batting: RHB Russell Jackson 0-0: Ground out 6-3 (Groundball, 56D)
Batting: SHB Jesús Cabańe 0-0: Called Strike
0-1: Foul Ball, location: 2F
0-2: SINGLE (Line Drive, 6M)
Batting: RHB Dave Morris 0-0: Called Strike
0-1: Ball
1-1: Called Strike
1-2: Fly out, F9 (Flyball, 9M)
Batting: RHB Jesús Orozco 0-0: Ball
1-0: Ball
2-0: DOUBLE (Line Drive, 8LXD)
Jesús Cabańe to third
Batting: RHB Yuji Ine 0-0: Fly out, F9 (Flyball, 9M)
Top of the 9th over - 0 run(s), 2 hit(s), 0 error(s), 2 left on base; Philadelphia 1776 2 - Las Vegas 2
BOTTOM OF THE 9TH
Las Vegas Flamingos batting - Pitching for Philadelphia 1776 BC : RHP Billy Crawford
Pitching: LHP José Sandoval
Batting: LHB Victor Adams 0-0: Ball
1-0: Ball
2-0: Ball
3-0: Base on Balls
Pinch Hitting: RHB John Aston 0-0: Called Strike
0-1: Foul Ball, location: 2F
0-2: Strikes out swinging
Batting: LHB Takahiro Harada 0-0: Called Strike
0-1: Foul Ball, location: 2F
0-2: Fly out, F8 (Flyball, 8LD)
Batting: RHB Ángel López 0-0: Foul Ball, location: 2F
0-1: Ball
1-1: SINGLE (Groundball, 6M)
Victor Adams to second
Runner from 2nd tries for 3rd, OUT!
Bottom of the 9th over - 0 run(s), 1 hit(s), 0 error(s), 1 left on base; Philadelphia 1776 2 - Las Vegas 2
TOP OF THE 10TH
Philadelphia 1776 BC batting - Pitching for Las Vegas Flamingos : RHP Alfredo Martínez
Now at 1B: John Aston
Batting: LHB Cliff Aldridge 0-0: Ball
1-0: Foul Ball, location: 2F
1-1: DOUBLE (Flyball, 7LS)
Batting: RHB Harry Fuller 0-0: Called Strike
0-1: Hit by Pitch
Batting: RHB Jesús Rodríguez 0-0: Ball
1-0: Foul Ball, location: 2F
1-1: Ball
2-1: Foul Ball, location: 2F
2-2: Foul Ball, location: 2F
2-2: Foul Ball, location: 2F
2-2: Ball
3-2: Foul Ball, location: 2F
3-2: Base on Balls
Cliff Aldridge to third
Harry Fuller to second
Batting: RHB António Granados 0-0: Ball
1-0: Fly out, F9 (Flyball, 9D)
Runner from 3rd tags up, SCORES, no throw
Harry Fuller to third
Batting: RHB Russell Jackson 0-0: Ball
1-0: Called Strike
1-1: Swinging Strike
1-2: SINGLE (Groundball, 6MD)
Harry Fuller scores
Jesús Rodríguez to second
Runner from 2nd tries for 3rd, SAFE, throw made to third
Russell Jackson to second
Pitching: RHP Nick Taylor
Batting: SHB Jesús Cabańe 0-0: Ball
Passed Ball!
Jesús Rodríguez scores
Russell Jackson to third
1-0: Fly out, F9 (Flyball, 9D)
Runner from 3rd tags up, SCORES, no throw
Batting: RHB Dave Morris 0-0: Ball
1-0: Swinging Strike
1-1: Ball
2-1: Foul Ball, location: 2F
2-2: Strikes out looking
Top of the 10th over - 4 run(s), 2 hit(s), 0 error(s), 0 left on base; Philadelphia 1776 6 - Las Vegas 2
BOTTOM OF THE 10TH
Las Vegas Flamingos batting - Pitching for Philadelphia 1776 BC : LHP José Sandoval
Now at 3B: Harry Fuller
Batting: RHB Jeff Young 0-0: Ball
1-0: SINGLE (Groundball, 15S) (infield hit)
Batting: LHB José Meléndez 0-0: Ball
1-0: Called Strike
1-1: Ball
2-1: Fly out, F4 (Popup, 4D)
Batting: LHB Sixto Álvarez 0-0: Called Strike
0-1: Foul Ball, location: 2F
0-2: DOUBLE (Line Drive, 89XD)
Jeff Young to third
Pitching: LHP Woody Sullivan
Batting: RHB Sake van Arem 0-0: Ball
1-0: Ball
2-0: Ball
3-0: Base on Balls
Batting: LHB Job Pels 0-0: Foul Ball, location: 2F
0-1: Fly out, F6 (Popup, 6MD)
Batting: LHB Victor Adams 0-0: SINGLE (Groundball, 6MD)
Jeff Young scores
Sixto Álvarez to third
Sake van Arem to second
Runner from 3rd tries for Home, SAFE, no throw or cutoff
Batting: RHB John Aston 0-0: Called Strike
0-1: SINGLE (Groundball, 56)
Sake van Arem to third
Victor Adams to second
Runner from 3rd tries for Home, SAFE, no throw or cutoff
Batting: LHB Takahiro Harada 0-0: Ball
1-0: Ball
2-0: Foul Ball, location: 2F
2-1: Fly out, F4 (Popup, 4)
Bottom of the 10th over - 3 run(s), 4 hit(s), 0 error(s), 2 left on base; Philadelphia 1776 6 - Las Vegas 5
This league is powered by Out of the Park Baseball, the baseball management simulation game for PC, Mac and Linux
Monday, October 3rd, 2016 - OOTP Baseball 16.9 Build 39